 Dungeon Crawl Stone Soup version 0.18.1-47-g9310371 (console) character file.

44 Kloppie the Cudgeler (level 3, -4/60 HPs)
             Began as an Ogre Berserker on June 22, 2016.
             Was a Follower of Trog.
             Killed from afar by a white imp (6 damage)
             ... with a puff of frost
             ... summoned by Natasha
             ... on level 2 of the Dungeon.
             The game lasted 00:01:18 (743 turns).

Kloppie the Cudgeler (Ogre Berserker)                Turns: 743, Time: 00:01:19

Health: -4/60      AC:  3    Str: 27    XL:     3   Next: 62%
Magic:  3/3        EV: 10    Int:  6    God:    Trog [*.....]
Gold:   49         SH:  0    Dex: 10    Spells: 0 memorised, 2 levels left

rFire  . . .     SeeInvis .     a - +0 mace
rCold  . . .     Gourm    .     b - +0 animal skin
rNeg   . . .     Faith    .     (no shield)
rPois  .         Spirit   .     (helmet restricted)
rElec  .         Dismiss  .     (no cloak)
rCorr  .         Reflect  .     (gloves unavailable)
SustAt .         Harm     .     (boots unavailable)
MR     .....                    (no amulet)
Stlth  ..........               (no ring)
                                (no ring)

@: berserking, very quick, not resistant to hostile enchantments, extremely
unstealthy
A: unfitting armour, tough skin 1
a: Berserk, Burn Spellbooks, Renounce Religion


You were on level 2 of the Dungeon.
You worshipped Trog.
Trog was aware of your devotion.
You were not hungry.

You visited 1 branch of the dungeon, and saw 2 of its levels.

You collected 49 gold pieces.

Inventory:

Hand Weapons
 a - a +0 mace (weapon)
Armour
 b - a +0 animal skin (worn)
Jewellery
 e - an uncursed amulet of regeneration {unknown}
 g - an uncursed ring of protection from magic {unknown}
 i - an uncursed ring of protection from magic {unknown}
 j - an uncursed amulet of regeneration {unknown}
Scrolls
 d - a scroll of teleportation {unknown}
 h - a scroll of remove curse {unknown}
 k - 2 scrolls of identify {unknown}
 m - a scroll of noise {unknown}
 n - a scroll of immolation {unknown}
Potions
 l - a potion of might {unknown}
Comestibles
 c - a bread ration
 f - 2 chunks of flesh


   Skills:
 + Level 4.5 Fighting
 + Level 5.0 Maces & Flails
 + Level 3.1 Dodging


You had 2 spell levels left.
You didn't know any spells.

Dungeon Overview and Level Annotations

Branches:
Dungeon (2/15)

Altars:

Annotations:
D:2 Natasha, Robin, Terence


Innate Abilities, Weirdness & Mutations

You are too large for most types of armour.
You have tough skin (AC +1).


Message History

Natasha howls an incantation.
Natasha's fingertips start to glow.
Natasha claws you!
* * * LOW HITPOINT WARNING * * *
The adder bites you.
* * * LOW HITPOINT WARNING * * *
You are too injured to fight recklessly!
You are too injured to fight recklessly!
You are too injured to fight recklessly!
You barely miss Natasha. The adder closely misses you.
The crimson imp blinks!
Natasha wildly gestures.
You feel troubled. Natasha claws you.
* * * LOW HITPOINT WARNING * * *
You closely miss Natasha. The adder bites you but does no damage.
You miss Natasha. Natasha claws you!
* * * LOW HITPOINT WARNING * * *
The white imp gestures at you. The puff of frost hits you!
You die...

.(.... ......
......# #
#.##### .....?.
.# .......
....... ...
......# .
.....## ...#
....[..
...#.#..# .5..#
?......
......5<#.....#
.......
##....h@.#
.@.....
#.#..ยง.S#


ggg.... ##...... .gl.... #..##..... g...... .... ....... ..g...# #..#. #..#...
.g...## #..#. ..#... ##.### #. .## ## .. You could see Natasha, a crimson imp,
an adder and a white imp.

Vanquished Creatures
  A gnoll (D:1)
  An ooze (D:1)
  A ball python (D:1)
  3 bats (D:1)
  2 giant cockroaches (D:1)
  4 goblins (D:1)
  8 hobgoblins (D:1)
  3 kobolds (D:1)
  2 rats (D:1)
25 creatures vanquished.

Notes
Turn   | Place    | Note
--------------------------------------------------------------
     0 | D:1      | Kloppie the Ogre Berserker began the quest for the Orb.
     0 | D:1      | Reached XP level 1. HP: 24/24 MP: 1/1
    47 | D:1      | Reached XP level 2. HP: 27/32 MP: 2/2
   357 | D:1      | Reached XP level 3. HP: 33/39 MP: 3/3
   694 | D:2      | Noticed Robin
   694 | D:2      | Noticed Terence
   701 | D:1      | Reached skill level 5 in Maces & Flails
   732 | D:2      | Noticed Natasha
   743 | D:2      | HP: 2/60 [Natasha (7)]
   743 | D:2      | Killed from afar by a white imp

Skill      XL: |  1  2  3 |
---------------+----------+-----
Dodging        | 3 |  3.1
Maces & Flails | 5 |  5.0
Fighting       | |  4.5

Action                   || total
-------------------------++-------
Melee: Mace              ||    85
Invok: Berserk           ||     2
 Stab: Distracted        ||     1
  Eat: Chunk             ||     1
Armor: Animal skin       ||    31
Dodge: Dodged            ||    59
